 Dungeon Crawl Stone Soup version 0.28.0-45-g0d030f2227 (webtiles) character file.

Game seed: 4002457065458410210

3120 pkoi the Chiller (level 9, -5/62 HPs)
             Began as a Demigod Ice Elementalist on Apr 15, 2022.
             Slain by a two-headed ogre
             ... wielding a +0 giant club
              (17 damage)
             ... on level 7 of the Dungeon on Apr 18, 2022.
             The game lasted 00:20:58 (12445 turns).

pkoi the Chiller (Demigod Ice Elementalist)        Turns: 12445, Time: 00:21:00

Health: -5/62      AC: 21    Str: 11    XL:     9   Next: 34%
Magic:  10/20      EV: 12    Int: 35    God:
Gold:   323        SH:  0    Dex: 14    Spells: 1/18 levels left

rFire   + . .      SeeInvis .   s - +3 dire flail (protect)
rCold   + . .      Faith    .   (shield currently unavailable)
rNeg    . . .      Spirit   .   y - +1 robe "Seusad" {Will+ Str+2}
rPois   +          Reflect  .   i - +0 helmet
rElec   +          Harm     .   g - +0 cloak {rPois}
rCorr   +          Rampage  .   (no gloves)
Will    +....                   (no boots)
Stlth   ++........              (no amulet)
HPRegen 0.20/turn               h - +6 ring of intelligence
MPRegen 0.17/turn               (no ring)

@: ice-armoured, resistant, under a protective aura, freezing walls
A: high MP 1, forlorn, divine attributes
a: no special abilities


You were on level 7 of the Dungeon.
You visited 2 branches of the dungeon, and saw 8 of its levels.
You also visited: Ossuary.

You collected 323 gold pieces.

Inventory:

Hand Weapons
 b - a +0 dagger
 c - a +0 dagger of venom
 l - a +2 quarterstaff of chaos
 s - a +3 dire flail of protection (weapon)
 w - a +1 short sword of venom
Armour
 a - a +1 robe
 g - a +0 cloak of poison resistance (worn)
 i - a +0 helmet (worn)
 u - a +1 robe of positive energy
 y - the +1 robe "Seusad" (worn) {Will+ Str+2}
   (You found it on level 7 of the Dungeon)

   Str:       It affects your strength (+2).
   Will:      It increases your willpower.
Jewellery
 h - a +6 ring of intelligence (left hand)
Wands
 k - a wand of iceblast (10)
 r - a wand of paralysis (13)
 v - a wand of flame (17)
Scrolls
 e - 3 scrolls of teleportation
 f - 5 scrolls of identify
 j - a scroll of amnesia
 q - 2 scrolls of enchant armour
 z - a scroll of fog
 A - 2 scrolls of magic mapping
Potions
 d - a potion of haste
 m - 2 potions of magic
 n - a potion of lignification {unknown}
 o - a potion of heal wounds {unknown}
 p - 2 potions of curing {unknown}
 t - a potion of ambrosia {unknown}
 x - a potion of berserk rage {unknown}
 B - a potion of mutation
 C - a potion of resistance
 D - a potion of flight {unknown}


   Skills:
 - Level 1.7 Dodging
 - Level 1.7 Stealth
 + Level 5.2 Spellcasting
 + Level 5.7 Conjurations
 + Level 7.7 Ice Magic
 + Level 5.6 Air Magic
 - Level 3.0 Poison Magic


You had one spell level left.
You knew the following spells:

 Your Spells              Type           Power      Damage    Failure   Level
a - Freeze                Ice            100%       1d11      1%          1
b - Frozen Ramparts       Ice            100%       1d12      1%          3
c - Ozocubu's Armour      Ice            58%        N/A       1%          3
d - Shock                 Conj/Air       100%       1d9       1%          1
e - Swiftness             Air            48%        N/A       1%          3
f - Poisonous Vapours     Pois/Air       78%        N/A       1%          2
g - Airstrike             Air            24%        N/A       4%          4

Your spell library contained the following spells:

 Spells                   Type           Power      Damage    Failure   Level
 Sting                    Tmut/Pois      76%        1d6       2%          1
 Hailstorm                Conj/Ice       54%        3d12      2%          4
 Conjure Flame            Conj/Fire      29%        6-21      3%          3
 Inner Flame              Hex/Fire       9%         N/A       12%         3
 Alistair's Intoxication  Tmut/Pois      12%        N/A       52%         5
 Fire Storm               Conj/Fire      14%        8d4       100%        9


Dungeon Overview and Level Annotations

Branches:
Dungeon (7/15)             Temple (1/1) D:5         Ossuary (visited)

Shops:
D:7 :


Innate Abilities, Weirdness & Mutations

You have an increased reservoir of magic. (+10% MP)
You shall have no god before yourself.
Your divine heritage dramatically boosts your attributes as you level up.


Message History

The wall freezes the gnoll.
The wall freezes the two-headed ogre.
The two-headed ogre hits you with a +0 giant club!
* * * LOW HITPOINT WARNING * * *
The two-headed ogre hits you with a +0 giant club!
* * * LOW HITPOINT WARNING * * *
The wall freezes the gnoll sergeant!
The gnoll sergeant hits you but does no damage.
Unknown command.
Unknown command.
Unknown command.
You sock the two-headed ogre!
Your weapon exudes an aura of protection.
The two-headed ogre is moderately wounded.
The wall freezes the gnoll.
The wall freezes the gnoll sergeant.
The gnoll sergeant completely misses you.
The wall freezes the two-headed ogre.
The two-headed ogre hits you with a +0 giant club.
* * * LOW HITPOINT WARNING * * *
The two-headed ogre barely misses you.
Unknown command.
Unknown command.
You barely miss the two-headed ogre.
The two-headed ogre is moderately wounded.
The wall freezes the gnoll!
You kill the gnoll!
The wall freezes the gnoll sergeant.
The gnoll sergeant hits you but does no damage.
The wall freezes the two-headed ogre.
The two-headed ogre hits you but does no damage.
The two-headed ogre hits you with a +0 giant club!
* * * LOW HITPOINT WARNING * * *
Unknown command.
Unknown command.
It was a potion of resistance.
You feel protected.
The wall freezes the gnoll sergeant.
The gnoll sergeant hits you but does no damage.
The wall freezes the two-headed ogre!
The two-headed ogre barely misses you.
The two-headed ogre hits you with a +0 giant club!
You die...

..#...........############
..#.#######...........
#.#.# #..######### #.#.#
#........... #.#.##
#...######## #.#..# #...#
#.##'### #...# # #..§∩'.#
#...######### y#
##§#+#.####.....@Og)..# ..
#§§§#........#######.#.#
##§###.###.#.........g.#
### #.#<#.#.####.g..#.#
#.#.#.#.# #)####.#
#.#.#.#.. ... # #.#.#
###### #.#.# #.#.#


You could see a two-headed ogre and a gnoll sergeant.

Vanquished Creatures
  A hornet (D:6)
  Sigmund (D:6)
  Edmund (D:6)
  2 orc warriors
  An ice beast (D:4)
  A sky beast (D:6)
  2 necrophages
  3 ogres
  A centaur (D:5)
  2 phantoms
  A kobold brigand (D:7)
  A bullfrog (D:5)
  A water moccasin zombie (D:7)
  2 scorpions
  A water moccasin skeleton (D:6)
  6 killer bees (D:7)
  4 howler monkeys
  A bullfrog zombie (D:6)
  Crazy Yiuf (D:3)
  A bullfrog skeleton (D:7)
  A gnoll shaman (D:6)
  A hound (D:5)
  2 jellies
  An iguana (D:3)
  Ijyb (D:4)
  Natasha (thrice) (D:2)
  3 orc wizards
  A hound skeleton (D:4)
  12 mummies (Ossuary)
  Robin (D:3)
  11 gnolls
  5 adders
  3 worms
  2 dart slugs
  5 orcs
  8 ball pythons
  5 bats
  8 endoplasms
  A giant cockroach (D:2)
  22 goblins
  6 hobgoblins
  5 jackals
  6 kobolds
  3 quokkas
  A frilled lizard (D:2)
  3 gnoll skeletons (Ossuary)
  4 goblin skeletons (Ossuary)
  A jackal skeleton (D:4)
  An orc skeleton (Ossuary)
  5 rats
  11 rat skeletons (Ossuary)
176 creatures vanquished.

Vanquished Creatures (others)
  2 plants (D:5)
2 creatures vanquished.

Grand Total: 178 creatures vanquished

Notes
Turn   | Place    | Note
-------+----------+-------------------------------------------
     0 | D:1      | pkoi the Demigod Ice Elementalist began the quest for the
                  | Orb.
     0 | D:1      | Reached XP level 1. HP: 14/14 MP: 5/5
    95 | D:1      | You fall into a shaft and drop 1 floor!
   308 | D:1      | Reached skill level 4 in Ice Magic
   310 | D:1      | Gained mutation: Your spells are a little harder to cast,
                  | but a little more powerful. [potion of mutation]
   310 | D:1      | Lost mutation: Your spells are a little harder to cast, but
                  | a little more powerful. [potion of mutation]
   845 | D:1      | Reached XP level 2. HP: 16/20 MP: 4/7
  1979 | D:2      | Noticed Natasha
  1989 | D:2      | Killed Natasha
  1990 | D:2      | Reached XP level 3. HP: 3/26 MP: 6/9
  2278 | D:1      | Learned a level 3 spell: Frozen Ramparts
  2280 | D:1      | Learned a level 1 spell: Shock
  2610 | D:3      | Reached XP level 4. HP: 33/33 MP: 3/10
  2790 | D:3      | Noticed Robin
  2940 | D:2      | Noticed Natasha
  2950 | D:2      | Killed Natasha
  3233 | D:2      | Noticed Natasha
  3244 | D:2      | Killed Natasha
  3245 | D:2      | Reached skill level 1 in Conjurations
  3245 | D:2      | Reached skill level 5 in Ice Magic
  3245 | D:2      | Reached skill level 1 in Air Magic
  3435 | D:3      | Killed Robin
  3436 | D:3      | Reached XP level 5. HP: 24/38 MP: 7/11
  3824 | D:3      | Found a runed translucent door.
  3825 | D:3      | Noticed Crazy Yiuf
  4570 | D:3      | Killed Crazy Yiuf
  4792 | D:3      | Learned a level 3 spell: Ozocubu's Armour
  4848 | D:4      | Noticed a necrophage
  4976 | D:4      | Noticed an ice beast
  5355 | D:4      | Killed a necrophage
  5356 | D:4      | Reached XP level 6. HP: 33/45 MP: 2/13
  6022 | D:4      | Noticed Ijyb
  6050 | D:4      | Killed Ijyb
  6613 | D:5      | Entered Level 5 of the Dungeon
  6618 | D:5      | Learned a level 3 spell: Swiftness
  6973 | D:5      | Identified a scroll of acquirement
  6973 | D:5      | Acquired the Papyrus of Torrid Contamination
  7244 | D:5      | Reached skill level 6 in Ice Magic
  7244 | D:5      | Reached XP level 7. HP: 50/50 MP: 8/14
  8644 | D:5      | Found a staircase to the Ecumenical Temple.
  8649 | Temple   | Entered the Ecumenical Temple
  8918 | D:6      | Learned a level 2 spell: Poisonous Vapours
  8991 | D:6      | Reached XP level 8. HP: 26/57 MP: 16/16
  9566 | D:6      | Noticed a hornet
  9571 | D:6      | Killed a hornet
  9572 | D:6      | Reached skill level 1 in Poison Magic
  9682 | D:6      | Noticed Edmund
  9691 | D:6      | Killed Edmund
  9754 | D:6      | Reached skill level 7 in Ice Magic
  9946 | D:6      | Noticed Sigmund
  9956 | D:6      | Killed Sigmund
 10332 | D:6      | Reached skill level 5 in Conjurations
 10332 | D:6      | Reached skill level 5 in Air Magic
 10502 | D:7      | Found Paudwy's Book Emporium.
 10567 | D:7      | Reached XP level 9. HP: 29/62 MP: 12/19
 10936 | D:7      | Reached skill level 5 in Spellcasting
 10987 | D:7      | Found a sand-covered staircase.
 10994 | Ossuary  | Entered an ossuary
 11943 | D:7      | Learned a level 4 spell: Airstrike
 11972 | D:7      | Identified the +1 robe "Seusad" {Will+ Str+2}
 12434 | D:7      | Noticed a two-headed ogre
 12445 | D:7      | Slain by a two-headed ogre

Illustrated notes

Levels and vault maps discovered:
D:1:      wander_arrival_lonely_grave, layout_basic,
          ebering_ecumenical_altar_box
D:2:      layout_loops_ring, nrook_campfire, uniq_natasha
D:3:      layout_rooms, uniq_robin, uniq_crazy_yiuf_cottage
D:4:      kennysheep_the_goblin_king, layout_basic,
          mainiacjoe_overflow_tiny_flanked
D:5:      layout_basic, nicolae_ru_awakened_eye,
          gammafunk_temple_overflow_forgotten, temple_doors_ab, serial_curves,
          eino_curves_03, eino_curves_03, minivault_23
D:6:      layout_basic, uniq_sigmund, uniq_edmund
D:7:      layout_basic, kennysheep_orc_sif_temple, serial_shops,
          kennysheep_mini, enter_ossuary_1
Temple:   chequers_temple_sunken

Skill      XL: |  1  2  3  4  5  6  7  8  9 |
---------------+----------------------------+-----
Ice Magic      | 4 5 6 7 |  7.7
Spellcasting   | 2 3 4 5 |  5.2
Conjurations   | 1 2 3 4 5 |  5.7
Air Magic      | 1 2 3 4 5 |  5.6
Poison Magic   | 2 3 |  3.0
Dodging        | |  1.7
Stealth        | |  1.7

Action                   |  1- 3 |  4- 6 |  7- 9 || total
-------------------------+-------+-------+-------++-------
Melee: Dagger            |    39 |   178 |   131 ||   348
       Punch             |       |     7 |     2 ||     9
       Quarterstaff      |       |       |    18 ||    18
       Dire flail        |       |       |   135 ||   135
 Cast: Freeze            |    33 |    16 |       ||    49
       Frozen Ramparts   |       |    19 |    42 ||    61
       Shock             |       |    12 |       ||    12
       Ozocubu's Armour  |       |    15 |    41 ||    56
  Use: Potion            |     1 |       |     1 ||     2
       Scroll            |       |     9 |     4 ||    13
 Stab: Sleeping          |     4 |     2 |     2 ||     8
Armor: Robe              |     9 |    63 |   107 ||   179
Dodge: Dodged            |    41 |   120 |   154 ||   315
